 Dungeon Crawl Stone Soup version 0.22-a0-525-gf69a080 (webtiles) character file.

341 Gildeon the Archer (level 6, -3/48 HPs)
             Began as a Centaur Hunter on June 21, 2018.
             Was a Follower of Makhleb.
             Slain by an iguana (13 damage)
             ... on level 4 of the Dungeon.
             The game lasted 00:16:56 (3339 turns).

Gildeon the Archer (Centaur Hunter)                 Turns: 3339, Time: 00:16:57

Health: -3/48      AC:  4    Str: 14    XL:     6   Next: 30%
Magic:  6/6        EV:  9    Int: 10    God:    Makhleb [*.....]
Gold:   211        SH:  0    Dex: 12    Spells: 5/5 levels left

rFire    . . .     SeeInvis .   n - +0 halberd
rCold    . . .     Gourm    .   (shield currently unavailable)
rNeg     . . .     Faith    .   c - +0 leather armour
rPois    .         Spirit   .   (no helmet)
rElec    .         Reflect  .   (no cloak)
rCorr    .         Harm     .   (no gloves)
MR       .....                  (no barding)
Stlth    +.........             (no amulet)
HPRegen  0.16/turn              (no ring)
MPRegen  0.10/turn              (no ring)

@: about to teleport, very quick
A: large, hooves 3, deformed body, speed 2, tough skin 3
a: Renounce Religion


You were on level 4 of the Dungeon.
You worshipped Makhleb.
Makhleb was aware of your devotion.
You were not hungry.

You visited 1 branch of the dungeon, and saw 4 of its levels.

You collected 211 gold pieces.

Inventory:

Hand Weapons
 a - a +1 shortbow
 e - a +2 short sword of flaming
 n - a +0 halberd (weapon)
Armour
 c - a +0 leather armour (worn)
 j - a +0 ring mail
Scrolls
 h - 2 scrolls of teleportation
 k - a scroll of amnesia
 l - 3 scrolls of remove curse
Potions
 i - a potion of curing
 p - a potion of brilliance
Comestibles
 b - 3 chunks of flesh
 f - 7 rations


   Skills:
 - Level 2.0 Fighting
 + Level 10.0 Bows
 - Level 1.3 Dodging
 - Level 0.4 Stealth


You had 5 spell levels left.
You didn't know any spells.
Your spell library was empty.

Dungeon Overview and Level Annotations

Branches:
Dungeon (4/15)
 Temple: D:4-7

Altars:
Cheibriados
Makhleb

Shops:
D:4 (

Annotations:
D:3 exclusion: downstairs


Innate Abilities, Weirdness & Mutations

You have hooves in place of feet.
Armour fits poorly on your strangely shaped body.
You cover ground very quickly.
You have extremely tough skin. (AC +3)


Message History

The iguana bites you!
* * * LOW HITPOINT WARNING * * *
The howler monkey hits you!
* * * LOW HITPOINT WARNING * * *
The iguana misses you. The howler monkey hits you.
* * * LOW HITPOINT WARNING * * *
You feel better.
The howler monkey hoots and howls with incredible vigour!
The iguana barely misses you.
You hit the howler monkey.
The howler monkey is heavily wounded.
The howler monkey hits you.
* * * LOW HITPOINT WARNING * * *
The iguana closely misses you. The howler monkey hits you!
* * * LOW HITPOINT WARNING * * *
You feel better. The iguana closely misses you.
The howler monkey hits you but does no damage.
As you read the scroll of teleportation, it crumbles to dust.
You feel strangely unstable. The iguana bites you!
You die...

.......####.#......#
........h..........#
........(....(#....#
........###(.>'....#
....(...# #(###....#
....##### #)# #Z...#
... #(# #....# ..
#l####'### .
#.@h...# ########


You could see a howler monkey and an iguana.

Vanquished Creatures
  An ogre (D:4)
  A hound (D:2)
  2 iguanas (D:4)
  4 gnolls (D:3)
  3 adders
  An ooze (D:4)
  3 worms
  A dart slug (D:1)
  2 leopard geckos
  12 orcs
  A ball python (D:1)
  7 bats
  4 giant cockroaches
  8 goblins
  9 hobgoblins
  4 jackals (D:1)
  3 quokkas
  2 frilled lizards
  A jackal skeleton (D:4)
  7 kobolds
  5 rats
81 creatures vanquished.

Notes
Turn   | Place    | Note
-------+----------+-------------------------------------------
     0 | D:1      | Gildeon the Centaur Hunter began the quest for the Orb.
     0 | D:1      | Reached XP level 1. HP: 17/17 MP: 1/1
   210 | D:1      | Reached skill level 6 in Bows
   210 | D:1      | Reached XP level 2. HP: 24/24 MP: 2/2
   571 | D:1      | Reached XP level 3. HP: 24/29 MP: 3/3
   797 | D:1      | You fall through a shaft!
  1138 | D:2      | Reached skill level 7 in Bows
  1314 | D:2      | Reached XP level 4. HP: 28/36 MP: 4/4
  1333 | D:2      | Found a burning altar of Makhleb.
  1341 | D:2      | Became a worshipper of Makhleb the Destroyer
  1690 | D:3      | Reached skill level 8 in Bows
  1786 | D:3      | Reached XP level 5. HP: 41/41 MP: 5/5
  2120 | D:3      | Reached * piety under Makhleb
  2426 | D:3      | Found a snail-covered altar of Cheibriados.
  2833 | D:4      | Noticed a sky beast
  3194 | D:4      | Found Taceegri's Antique Weapon Boutique.
  3204 | D:4      | Reached skill level 9 in Bows
  3255 | D:4      | Noticed an ogre
  3330 | D:4      | Killed an ogre
  3330 | D:4      | Reached skill level 10 in Bows
  3330 | D:4      | Reached XP level 6. HP: 26/48 MP: 6/6
  3337 | D:4      | HP: 2/48 [howler monkey (7)]
  3339 | D:4      | Slain by an iguana

Vault maps used:
D:1:      dpeg_arrival_oval, kennysheep_another_room
D:2:      first_ration, makhleb_blood_cavern_becter
D:3:      lemuel_doored_altar, minmay_cut_off
D:4:      grunt_dithmenos_smoke, serial_shops, nicolae_shop_behind_doors,
          uniq_natasha

Skill      XL: |  1  2  3  4  5 |
---------------+----------------+-----
Bows           | 6 7 8 10 | 10.0
Fighting       | |  2.0
Dodging        | |  1.3
Stealth        | |  0.4

Action                   |  1- 3 |  4- 6 || total
-------------------------+-------+-------++-------
Melee: Short sword       |       |    13 ||    13
       Halberd           |       |    17 ||    17
       Kick              |       |     3 ||     3
 Fire: Shortbow          |    96 |   137 ||   233
  Use: Scroll            |     5 |     5 ||    10
       Potion            |       |     4 ||     4
  Eat: Chunk             |       |     4 ||     4
       Ration            |       |     1 ||     1
Armor: Leather armour    |    18 |    38 ||    56
Dodge: Dodged            |    18 |    35 ||    53

Table legend:
 A = Spawn XP
 B = Non-spawn XP
 C = Spawn XP percentage of total XP
 D = Spawn monster count
 E = Non-spawn monster count
 F = Spawn count percentage of total count
 G = Total turns spent on level
                    A         B        C        D         E        F      G
               +---------+---------+-------+---------+---------+-------+---------
         Total |       0 |     488 |   0.0 |       0 |      81 |   0.0 |  3339
               +---------+---------+-------+---------+---------+-------+---------
           D:1 |       0 |      44 |   0.0 |       0 |      26 |   0.0 |   930
           D:2 |       0 |      82 |   0.0 |       0 |      13 |   0.0 |   621
           D:3 |       0 |     139 |   0.0 |       0 |      30 |   0.0 |  1539
           D:4 |       0 |     223 |   0.0 |       0 |      12 |   0.0 |   249
               +---------+---------+-------+---------+---------+-------+---------
